 Dungeon Crawl Stone Soup version 0.23.2 (webtiles) character file.

Game seed: 17220105005423410974

196 Illumine the Slasher (level 5, -10/47 HPs)
             Began as a Minotaur Fighter on Oct 9, 2019.
             Mangled by an ogre
             ... wielding a +0 giant club
              (14 damage)
             ... on level 4 of the Dungeon.
             The game lasted 00:01:32 (1017 turns).

Illumine the Slasher (Minotaur Fighter)             Turns: 1017, Time: 00:01:33

Health: -10/47     AC:  9    Str: 26    XL:     5   Next: 45%
Magic:  4/4        EV:  6    Int:  5    God:
Gold:   105        SH: 10    Dex: 10    Spells: 4/4 levels left

rFire    . . .     SeeInvis .   a - +0 long sword
rCold    . . .     Gourm    .   c - +0 shield
rNeg     . . .     Faith    .   e - +0 chain mail
rPois    .         Spirit   .   (helmet restricted)
rElec    .         Reflect  .   (no cloak)
rCorr    .         Harm     .   (no gloves)
MR       .....                  (no boots)
Stlth    ..........             (no amulet)
HPRegen  0.15/turn              (no ring)
MPRegen  0.09/turn              (no ring)

@: mighty, lethally poisoned (-10 -> -15)
A: retaliatory headbutt, horns 2
a: no special abilities


You were on level 4 of the Dungeon.
You were hungry.

You visited 1 branch of the dungeon, and saw 4 of its levels.

You collected 105 gold pieces.

Inventory:

Hand Weapons
 a - a +0 long sword (weapon)
Armour
 c - a +0 shield (worn)
 e - a +0 chain mail (worn)
Scrolls
 g - 3 scrolls of magic mapping {unknown}
 j - a scroll of amnesia {unknown}
 k - 2 scrolls of remove curse {unknown}
 l - a scroll of enchant armour {unknown}
Potions
 b - a potion of cancellation {unknown}
 d - a potion of might
 h - a potion of lignification {unknown}
 i - a potion of heal wounds {unknown}
Comestibles
 f - 4 rations


   Skills:
 + Level 4.6 Fighting
 * Level 4.8 Long Blades
 + Level 4.6 Armour
 + Level 4.6 Shields


You had 4 spell levels left.
You didn't know any spells.
Your spell library was empty.

Dungeon Overview and Level Annotations

Branches:
Dungeon (4/15)
 Temple: D:4-7

Altars:


Innate Abilities, Weirdness & Mutations

You reflexively headbutt those who attack you in melee.
You have a pair of horns on your head.


Message History

Something hits you but does no damage. The worker ant bites you.
* * * LOW HITPOINT WARNING * * *
You are poisoned.
The worker ant poisons you!
The adder hisses angrily.
You slash the orc!
You kill the orc!
You feel sick. You block something's attack.
The orc hits you but does no damage. You block the worker ant's attack.
Something hits you but does no damage.
You slash the ogre!
The ogre is moderately wounded.
You feel sick.
You hear some strange, mumbled words.
A puff of flame appears from out of thin air!
The puff of flame hits you.
* * * LOW HITPOINT WARNING * * *
You block the worker ant's attack. You block the orc's attack.
Something hits you but does no damage. The ogre hits you with a +0 giant club!
You die...

###########
.......<.@#
#######.O{a......
#o#........
.s..S#######
..#.#.# ..###.#.#
# .#... # ...


You could see an ogre, a worker ant, an adder, an orc and a giant cockroach.

Vanquished Creatures
  Blork the orc (D:4)
  An orc wizard (D:3)
  Jessica (D:2)
  An adder (D:3)
  A worm (D:2)
  5 orcs
  A giant cockroach (D:1)
  7 hobgoblins
  8 jackals
  2 kobolds
  A ball python (D:3)
  5 bats
  2 frilled lizards
  9 goblins
  10 rats
55 creatures vanquished.

Notes
Turn   | Place    | Note
-------+----------+-------------------------------------------
     0 | D:1      | Illumine the Minotaur Fighter began the quest for the Orb.
     0 | D:1      | Reached XP level 1. HP: 19/19 MP: 0/0
   121 | D:1      | Reached XP level 2. HP: 27/27 MP: 1/1
   281 | D:2      | Noticed Jessica
   284 | D:2      | Killed Jessica
   284 | D:2      | Reached XP level 3. HP: 28/33 MP: 2/2
   629 | D:3      | Reached XP level 4. HP: 34/40 MP: 3/3
   996 | D:4      | Noticed Blork the orc
  1002 | D:4      | Noticed an ogre
  1010 | D:4      | Killed Blork the orc
  1010 | D:4      | Reached XP level 5. HP: 21/47 MP: 4/4
  1017 | D:4      | Mangled by an ogre

Skill      XL: |  1  2  3  4 |
---------------+-------------+-----
Long Blades    | 3 4 |  4.8
Fighting       | 4 |  4.6
Armour         | 4 |  4.6
Shields        | 4 |  4.6

Action                   |  1- 3 |  4- 6 || total
-------------------------+-------+-------++-------
Melee: Long sword        |    86 |    55 ||   141
       Headbutt          |    13 |     8 ||    21
  Use: Potion            |       |     1 ||     1
Armor: Chain mail        |    53 |    46 ||    99
       Scale mail        |     3 |       ||     3
Dodge: Dodged            |    23 |    12 ||    35
Block: Shield            |    60 |    47 ||   107
       Rpst.: Long sword |     4 |     4 ||     8
